 Dungeon Crawl Stone Soup version 0.19.1-1-g22dce08 (console) character file.

72 Grinner the Ruffian (level 4, -3/35 HPs)
             Began as a Minotaur Transmuter on Jan 15, 2017.
             Slain by an adder (5 damage)
             ... on level 2 of the Dungeon.
             The game lasted 00:03:12 (1368 turns).

Grinner the Ruffian (Minotaur Transmuter)           Turns: 1368, Time: 00:03:13

Health: -3/35      AC:  2    Str: 15    XL:     4   Next: 7%
Magic:  5/5        EV: 13    Int: 10    God:
Gold:   20         SH:  0    Dex: 11    Spells: 1 memorised, 5 levels left

rFire  . . .     SeeInvis .     k - -3 spear (curse)
rCold  . . .     Gourm    .     b - +0 robe
rNeg   . . .     Faith    .     (no shield)
rPois  .         Spirit   .     (helmet restricted)
rElec  .         Reflect  .     (no cloak)
rCorr  .         Harm     .     (no gloves)
MR     .....                    (no boots)
Stlth  +.........               g - amulet of inaccuracy (curse)
                                (no ring)
                                (no ring)

@: no status effects
A: retaliatory headbutt, horns 2
a: no special abilities


You were on level 2 of the Dungeon.
You were hungry.

You visited 1 branch of the dungeon, and saw 2 of its levels.

You collected 20 gold pieces.

Inventory:

Hand Weapons
 k - a cursed -3 spear (weapon)
Missiles
 a - 57 arrows
 j - 12 poisoned needles
Armour
 b - a +0 robe (worn)
Jewellery
 g - a cursed amulet of inaccuracy (around neck)
Scrolls
 e - a scroll of enchant weapon {unknown}
 f - a scroll of teleportation
Potions
 i - a potion of might
Books
 c - a book of Changes

   Spells                             Type                      Level
   a - Beastly Appendage              Transmutation                1
   b - Sticks to Snakes               Transmutation                2
   c - Spider Form                    Transmutation/Poison         3
   d - Ice Form                       Ice/Transmutation            4
   e - Blade Hands                    Transmutation                5
Comestibles
 d - a bread ration
 h - a beef jerky


   Skills:
 - Level 1.2 Fighting
 * Level 3.4 Dodging
 + Level 3.7 Unarmed Combat
 + Level 1.6 Spellcasting
 * Level 2.4 Transmutations


You had 5 spell levels left.
You knew the following spells:

 Your Spells              Type           Power        Failure   Level  Hunger
z - Beastly Appendage     Tmut           #.....       14%         1    ##.....


Dungeon Overview and Level Annotations

Branches:
Dungeon (2/15)

Altars:


Innate Abilities, Weirdness & Mutations

You reflexively headbutt those who attack you in melee.
You have a pair of horns on your head.


Message History

* * * LOW HITPOINT WARNING * * *
You are too injured to fight recklessly!
You are too injured to fight recklessly!
You are too injured to fight recklessly!
You are too injured to fight recklessly!
You are too injured to fight recklessly!
You closely miss the dart slug. The adder misses you. You furiously retaliate!
You headbutt the adder. The dart slug bites you.
* * * LOW HITPOINT WARNING * * *
The hobgoblin hits you.
* * * LOW HITPOINT WARNING * * *
The adder barely misses you.
You hit the dart slug but do no damage. You punch the dart slug.
The dart slug is heavily wounded.
The adder barely misses you. The hobgoblin closely misses you.
The dart slug closely misses you.
You completely miss the dart slug.
The dart slug is heavily wounded.
The adder bites you.
You die...

####### ########
...#...## #.......
........##########.......
.........................
...............###.......
.........#####.#######..#
........S#####.....####†.
......)gwS..>........###.
#..#####@####............
#...#.......)...##
###...........#...
###.........####
#.........# # #.........#
#....<....#
.###.........# .
.............# .#


You could see 2 adders, a dart slug and a hobgoblin.

Vanquished Creatures
  A gnoll (D:1)
  2 adders (D:2)
  An ooze (D:1)
  A worm (D:2)
  A leopard gecko (D:2)
  9 bats
  A giant cockroach (D:1)
  8 goblins
  A hobgoblin (D:2)
  A quokka (D:2)
  A ball python (D:1)
  3 frilled lizards
  3 kobolds (D:2)
  5 rats
38 creatures vanquished.

Notes
Turn   | Place    | Note
-------+----------+-------------------------------------------
     0 | D:1      | Grinner the Minotaur Transmuter began the quest for the Orb.
     0 | D:1      | Reached XP level 1. HP: 16/16 MP: 1/1
   231 | D:1      | Reached XP level 2. HP: 19/23 MP: 3/3
   681 | D:1      | Reached XP level 3. HP: 25/28 MP: 4/4
  1309 | D:2      | Reached XP level 4. HP: 10/35 MP: 5/5
  1368 | D:2      | Slain by an adder

Skill      XL: |  1  2 |
---------------+-------+-----
Dodging        | 3 |  3.4
Transmutations | 2 |  2.4
Fighting       | |  1.2
Unarmed Combat | |  3.7
Spellcasting   | |  1.6

Action                   |  1- 3 |  4- 6 || total
-------------------------+-------+-------++-------
Melee: Unarmed           |    75 |       ||    75
       Headbutt          |    12 |       ||    12
       Kick              |     1 |       ||     1
       Spear             |    11 |    16 ||    27
       Punch             |       |     1 ||     1
 Cast: Beastly Appendage |     1 |       ||     1
  Use: Scroll            |     3 |       ||     3
       Potion            |     1 |     1 ||     2
  Eat: Chunk             |     1 |       ||     1
Armor: Robe              |    15 |     2 ||    17
Dodge: Dodged            |    69 |    24 ||    93
